 Dungeon Crawl Stone Soup version 0.24.0-35-gdb84b6a5db (webtiles) character file.

Game seed: 11320214770557224004, levelgen mode: deterministic

312 Curus the Slasher (level 6, -7/51 HPs)
             Began as a Minotaur Abyssal Knight on Nov 17, 2019.
             Was a Priest of Lugonu.
             Mangled by an ogre
             ... wielding a +0 giant club
              (10 damage)
             ... on level 4 of the Dungeon.
             The game lasted 00:16:14 (3915 turns).

Curus the Slasher (Minotaur Abyssal Knight)         Turns: 3915, Time: 00:16:15

Health: -7/51      AC: 10    Str: 19    XL:     6   Next: 18%
Magic:  8/8        EV:  9    Int:  9    God:    Lugonu [***...]
Gold:   204        SH:  0    Dex: 11    Spells: 5/5 levels left

rFire    . . .     SeeInvis .   a - +2 falchion
rCold    . . .     Gourm    .   (no shield)
rNeg     . . .     Faith    .   j - +0 chain mail
rPois    +         Spirit   .   (helmet restricted)
rElec    .         Reflect  .   i - +1 cloak {rPois}
rCorr    .         Harm     .   (no gloves)
MR       +....                  (no boots)
Stlth    ..........             (no amulet)
HPRegen  0.17/turn              (no ring)
MPRegen  0.11/turn              (no ring)

@: no status effects
A: retaliatory headbutt, hooves 1, horns 2, repulsion field 1, magic resistance
1, strong 1
a: Depart the Abyss, Bend Space, Banish, Renounce Religion


You were on level 4 of the Dungeon.
You worshipped Lugonu.
Lugonu was most pleased with you.
You were not hungry.

You visited 1 branch of the dungeon, and saw 4 of its levels.
You visited the Abyss 1 time.

You collected 204 gold pieces.

Inventory:

Hand Weapons
 a - a +2 falchion (weapon)
Armour
 b - a +0 leather armour
 i - a +1 cloak of poison resistance (worn)
 j - a +0 chain mail (worn)
Scrolls
 d - a scroll of fear
 e - a scroll of teleportation
 g - 3 scrolls of identify
Potions
 h - 2 potions of curing
Comestibles
 c - 8 rations


   Skills:
 - Level 3.6 Fighting
 + Level 5.8 Long Blades
 - Level 2.4 Armour
 - Level 1.1 Dodging
 + Level 4.7 Invocations


You had 5 spell levels left.
You didn't know any spells.
Your spell library was empty.

Dungeon Overview and Level Annotations

Branches:
Dungeon (4/15)             Temple (0/1) D:4

Altars:
Hepliaklqana


Innate Abilities, Weirdness & Mutations

You reflexively headbutt those who attack you in melee.
You have a pair of horns on your head.
You have large cloven feet.
You are surrounded by a mild repulsion field. (EV +2)
You are resistant to hostile enchantments. (MR+)
Your muscles are strong. (Str +2)


Message History

The ogre shouts!
Found 20 gold pieces.
You barely miss the ogre. You headbutt the ogre!
The ogre is heavily wounded.
The ogre hits you with a +0 giant club!!
You barely miss the ogre. You headbutt the ogre!
The ogre is severely wounded.
The ogre hits you with a +0 giant club!
Your chain mail prevents you from hitting the ogre.
You kick the ogre, but do no damage.
The ogre is severely wounded.
The ogre hits you with a +0 giant club!!
* * * LOW HITPOINT WARNING * * *
Press: ? - help, Shift-Dir - straight line, f - ogre
Aim: an ogre, wielding a +0 giant club (severely wounded, chance to defeat MR: 83%)
You fail to use your ability.
You hit the ogre. Your headbutt misses the ogre.
The ogre is almost dead.
The ogre hits you with a +0 giant club!
You die...

##.#. ..#.#....
...........#.##.#.#.#.#
##.......#...........#..
#........#.#.#.#.##.....
...........#.#.#....#...
#...................#...
#........##.#.>.#.#.....
............#...#.#.##..
#O@.#....#........#
#$#.#.##.#.##.#...#
...#...........#....
#....#.#.#.#.##....#..
#......#.#.#....##.#..
#.....................
##..#..##.......#..#..
#.######........>.... ##
..........#.#


You could see an ogre.

Vanquished Creatures
  A crimson imp (D:2)
  Crazy Yiuf (D:2)
  Natasha (thrice) (D:2)
  5 adders
  4 gnolls (D:2)
  An ooze (D:1)
  2 worms (D:2)
  A dart slug (D:2)
  2 orcs
  A ball python (D:2)
  6 giant cockroaches
  14 goblins
  10 hobgoblins
  5 bats
  6 frilled lizards
  15 kobolds
  8 rats
85 creatures vanquished.

Notes
Turn   | Place    | Note
-------+----------+-------------------------------------------
     0 | Abyss:1  | Curus the Minotaur Abyssal Knight began the quest for the
                  | Orb.
     0 | Abyss:1  | Reached XP level 1. HP: 19/19 MP: 1/1
    23 | Abyss:1  | Found a corrupted altar of Lugonu.
    28 | Abyss:1  | Noticed a starcursed mass
    29 | D:1      | Escaped the Abyss
    48 | D:1      | Reached * piety under Lugonu
   409 | D:1      | Reached XP level 2. HP: 22/26 MP: 2/2
   436 | D:1      | Reached skill level 3 in Long Blades
   768 | D:1      | Reached XP level 3. HP: 26/31 MP: 2/4
  1217 | D:2      | Gained mutation: You have large cloven feet. [potion of
                  | mutation]
  1217 | D:2      | Gained mutation: Your muscles are strong. (Str +2) [potion
                  | of mutation]
  1217 | D:2      | Gained mutation: You are surrounded by a mild repulsion
                  | field. (EV +2) [potion of mutation]
  1217 | D:2      | Gained mutation: You are resistant to hostile enchantments.
                  | (MR+) [potion of mutation]
  1414 | D:2      | Reached ** piety under Lugonu
  1417 | D:2      | Reached skill level 4 in Long Blades
  1428 | D:2      | Reached XP level 4. HP: 11/39 MP: 5/5
  1692 | D:2      | Reached XP level 5. HP: 13/45 MP: 6/6
  2002 | D:2      | Noticed Natasha
  2007 | D:2      | Killed Natasha
  2007 | D:2      | Reached skill level 5 in Long Blades
  2009 | D:2      | Noticed Natasha
  2016 | D:2      | Killed Natasha
  2099 | D:2      | Noticed Natasha
  2408 | D:2      | Found a runed translucent door.
  2409 | D:2      | Noticed Crazy Yiuf
  2561 | D:2      | Killed Natasha
  2765 | D:2      | Paralysed by Crazy Yiuf for 7 turns
  2780 | D:2      | Killed Crazy Yiuf
  2780 | D:2      | Reached XP level 6. HP: 51/51 MP: 8/8
  3172 | D:3      | Found a hazy altar of Hepliaklqana.
  3327 | D:3      | Reached *** piety under Lugonu
  3893 | D:4      | Found a staircase to the Ecumenical Temple.
  3915 | D:4      | Mangled by an ogre

Levels and vault maps discovered:
D:1:      dpeg_arrival_pits, layout_loops_corners, minmay_cupped
D:2:      minmay_skewed_foursquare, layout_basic, first_ration, minivault_11,
          uniq_crazy_yiuf_cottage, uniq_natasha
D:3:      layout_basic, lemuel_doored_altar, dk_vineyard_1, chequers_big_river,
          minivault_19
D:4:      layout_cave_pools, minmay_temple_entry_ruins

Skill      XL: |  1  2  3  4  5 |
---------------+----------------+-----
Invocations    | 2 3 4 |  4.7
Long Blades    | 3 4 5 |  5.8
Fighting       | |  3.6
Armour         | |  2.4
Dodging        | |  1.1

Action                   |  1- 3 |  4- 6 || total
-------------------------+-------+-------++-------
Melee: Falchion          |    74 |   103 ||   177
       Headbutt          |    11 |    15 ||    26
       Kick              |     3 |    22 ||    25
       Unarmed           |       |     4 ||     4
Invok: Depart the Abyss  |     1 |       ||     1
  Use: Potion            |     4 |     3 ||     7
       Scroll            |     3 |     4 ||     7
  Eat: Ration            |     1 |     1 ||     2
       Chunk             |       |     4 ||     4
Armor: Leather armour    |     8 |     6 ||    14
       Skin              |       |    10 ||    10
       Chain mail        |       |     8 ||     8
Dodge: Dodged            |    38 |    62 ||   100
       Rpst.: Falchion   |    10 |    17 ||    27
